 Dungeon Sprint DCSS version 0.28-a0-932-g843f935a50 (webtiles) character file.

Game seed: 7626798746451565292

2723 mhtbhm the Unseen (level 9, -7/48 HPs)
             Began as a Spriggan Brigand on Nov 27, 2021.
             Was a Believer of Dithmenos.
             Mangled by a catoblepas (15 damage)
             ... while petrified by a catoblepas
             ... in the Dungeon (Sprint IX: "|||||||||||||||||||||||||||||").
             The game lasted 00:03:04 (631 turns).

mhtbhm the Unseen (Spriggan Brigand)                 Turns: 631, Time: 00:03:04

Health: -7/48      AC:  5    Str: 10    XL:     9   Next: 40%
Magic:  10/10      EV:  4    Int: 12    God:    Dithmenos [**....]
Gold:   0          SH:  0    Dex: 20    Spells: 8/8 levels left

rFire   . . .      SeeInvis +   a - +2 dagger
rCold   . . .      Faith    .   (shield restricted)
rNeg    + + +      Spirit   .   b - +0 robe
rPois   ∞          Reflect  .   (helmet restricted)
rElec   .          Harm     .   n - +0 cloak
rCorr   .          Rampage  .   (gloves unavailable)
Will    +....      NoTele   +   (boots unavailable)
Stlth   ++++++++++              (no amulet)
HPRegen 0.16/turn               o - +2 ring of protection
MPRegen 0.12/turn               p - +3 ring of strength

@: petrified, wreathed by umbra, very quick
A: very small, no large weapons, unfitting armour, see invisible, speed 3
a: Renounce Religion, Shadow Step


You were in the Dungeon.
You worshipped Dithmenos.
Dithmenos was pleased with you.
You visited 1 branch

Inventory:

Hand Weapons
 a - a +2 dagger (weapon)
Missiles
 d - 7 poisoned darts
 e - a curare-tipped dart (quivered)
Armour
 b - a +0 robe (worn)
 c - a +0 cloak
 n - a +0 cloak (worn)
Jewellery
 o - a +2 ring of protection (left hand)
 p - a +3 ring of strength (right hand)
Scrolls
 k - 2 scrolls of blinking
 l - 2 scrolls of amnesia
Potions
 f - 5 potions of curing
 g - 2 potions of heal wounds
 h - a potion of haste
 i - 4 potions of magic


   Skills:
 + Level 6.0 Fighting
 + Level 11.6 Short Blades
 + Level 10.2 Throwing
 + Level 7.6 Dodging
 + Level 20.0 Stealth
 + Level 6.9 Evocations


You had 8 spell levels left.
You didn't know any spells.
Your spell library was empty.

Dungeon Overview and Level Annotations

Branches:
Dungeon (1/1)

Altars:
Cheibriados
Dithmenos
Elyvilon
Fedhas
Gozag
Hepliaklqana
Kikubaaqudgha
Makhleb
Nemelex Xobeh
Okawaru
Qazlal
Ru
Sif Muna
Trog
Uskayaw
Vehumet
Wu Jian
Xom
Yredelemnul
Zin
The Shining One
Beogh
Jiyva
Lugonu


Innate Abilities, Weirdness & Mutations

You are very small and have problems with some larger weapons.
You are too small for most types of armour.
You have supernaturally acute eyesight. (SInv)
You cover ground extremely quickly. (Speed+++)


Message History

There is a basalt altar of Yredelemnul here.
You flicker for a moment.
There is a glowing silver altar of Zin here.
There is a glowing golden altar of the Shining One here.
You see here a yak corpse.
There is an open door here.
d - 5 poisoned darts (gained 1)
Items here: )))))).
You flicker back into view.
d - 6 poisoned darts (gained 1)
You see here a +0 cloak.
You see here a +1 scale mail.
d - 7 poisoned darts (gained 1)
There is an open door to the Dungeon here.
Okay, then.
You open the door.
A catoblepas, a blink frog, a slime creature, a vampire mosquito, a centaur warrior and a two-headed ogre come into view.
The slime creature quivers.
The catoblepas bellows!
The two-headed ogre shouts in stereo!
The centaur warrior shouts!
The blink frog croaks.
Unknown command.
The vampire mosquito buzzes angrily.
The blink frog changes into an acid dragon!
The catoblepas breathes a plume of calcifying dust at you.
The blast of calcifying dust hits you!
You are engulfed in calcifying dust.
You are engulfed in calcifying dust.
You are slowing down.
You are engulfed in calcifying dust.
Your limbs have turned to stone.
You have turned to stone.
You are engulfed in calcifying dust. x4
The catoblepas gores you but does no damage.
The acid dragon is engulfed in calcifying dust.
The catoblepas gores you. The catoblepas gores you! The catoblepas gores you!!
The catoblepas gores you!!
* * * LOW HITPOINT WARNING * * *
The catoblepas gores you!!
You die...

▓D▓
▓O▓
▓y▓
▓D▓
▓.▓
▓.▓
▓.▓
▓Y▓
▓@▓
▓.▓
▓.▓
▓[▓
▓[▓
▓.▓
▓.▓
▓)▓
▓.▓


You could see a catoblepas, a two-headed ogre, an acid dragon shaped shifter
(petrified) and a vampire mosquito.

Vanquished Creatures
  4 two-headed ogres (D)
  2 yaks (D)
  A black bear (D)
  An adder (D)
  An adder skeleton (D)
  A worm (D)
  An orc (D)
  2 endoplasms (D)
  A giant cockroach (D)
  A kobold (D)
  A ball python (D)
16 creatures vanquished.

Notes
Turn   | Place    | Note
-------+----------+-------------------------------------------
     0 | D        | mhtbhm the Spriggan Brigand began the quest for the Orb.
     0 | D        | Reached XP level 1. HP: 10/10 MP: 2/2
    12 | D        | Reached skill level 6 in Stealth
    13 | D        | Reached skill level 7 in Stealth
   148 | D        | Noticed a black bear
   151 | D        | Reached skill level 8 in Stealth
   151 | D        | Reached XP level 2. HP: 15/15 MP: 3/3
   172 | D        | Reached skill level 9 in Stealth
   256 | D        | Killed a black bear
   257 | D        | Reached skill level 5 in Short Blades
   257 | D        | Reached skill level 11 in Stealth
   257 | D        | Reached XP level 3. HP: 8/19 MP: 4/4
   257 | D        | Reached XP level 4. HP: 10/23 MP: 5/5
   435 | D        | Found a snail-covered altar of Cheibriados.
   435 | D        | Found a shadowy altar of Dithmenos.
   435 | D        | Found a white marble altar of Elyvilon.
   435 | D        | Found a blossoming altar of Fedhas.
   435 | D        | Found an opulent altar of Gozag.
   436 | D        | Found a hazy altar of Hepliaklqana.
   437 | D        | Found a viscous altar of Jiyva.
   438 | D        | Found an ancient bone altar of Kikubaaqudgha.
   439 | D        | Found a corrupted altar of Lugonu.
   440 | D        | Found a burning altar of Makhleb.
   441 | D        | Found a sparkling altar of Nemelex Xobeh.
   442 | D        | Found an iron altar of Okawaru.
   446 | D        | Became a worshipper of Dithmenos the Shadowed
   450 | D        | Found a stormy altar of Qazlal.
   451 | D        | Found a sacrificial altar of Ru.
   452 | D        | Found a shimmering blue altar of Sif Muna.
   453 | D        | Found a bloodstained altar of Trog.
   454 | D        | Found a hide-covered altar of Uskayaw.
   455 | D        | Found a radiant altar of Vehumet.
   456 | D        | Found an ornate altar of the Wu Jian Council.
   457 | D        | Found a shimmering altar of Xom.
   458 | D        | Found a basalt altar of Yredelemnul.
   459 | D        | Found a glowing silver altar of Zin.
   460 | D        | Found a glowing golden altar of the Shining One.
   500 | D        | Noticed a two-headed ogre
   500 | D        | Noticed a two-headed ogre
   500 | D        | Noticed a two-headed ogre
   500 | D        | Noticed a yak
   500 | D        | Noticed a two-headed ogre
   500 | D        | Noticed a yak
   520 | D        | Killed a yak
   521 | D        | Reached skill level 5 in Throwing
   521 | D        | Reached skill level 13 in Stealth
   521 | D        | Reached skill level 1 in Evocations
   521 | D        | Reached XP level 5. HP: 28/28 MP: 6/6
   532 | D        | Killed a two-headed ogre
   533 | D        | Reached skill level 5 in Dodging
   533 | D        | Reached skill level 17 in Stealth
   533 | D        | Reached XP level 6. HP: 34/34 MP: 7/7
   533 | D        | Reached XP level 7. HP: 38/38 MP: 8/8
   554 | D        | Killed a yak
   554 | D        | Reached * piety under Dithmenos
   562 | D        | Killed a two-headed ogre
   563 | D        | Reached skill level 5 in Fighting
   563 | D        | Reached skill level 10 in Short Blades
   563 | D        | Reached skill level 18 in Stealth
   563 | D        | Reached skill level 5 in Evocations
   563 | D        | Reached XP level 8. HP: 28/43 MP: 9/9
   570 | D        | Killed a two-headed ogre
   570 | D        | Reached ** piety under Dithmenos
   571 | D        | Reached skill level 19 in Stealth
   571 | D        | Reached XP level 9. HP: 48/48 MP: 10/10
   572 | D        | Killed a two-headed ogre
   573 | D        | Reached skill level 10 in Throwing
   573 | D        | Reached skill level 20 in Stealth
   616 | D        | Noticed a centaur warrior
   616 | D        | Noticed a two-headed ogre
   616 | D        | Noticed a catoblepas
   631 | D        | Mangled by a catoblepas

Illustrated notes

Levels and vault maps discovered:
D:        linesprint [early_d, line_temple, items_1, d_10, items_2, lair_1,
          lair_end, items_3, orc_1, orc_end, items_4, d_15, swamp_1, shoals_1,
          snake_1, spider_1, d_20, vaults_1, items_5, swamp_end, shoals_end,
          snake_end, spider_end, vaults_end, d_27, items_6, zot_1, zot_end,
          crypt_end, forest_end, elf_end, slime_end, tomb_end, abyss_end,
          pan_hell_end]

Skill      XL: |  1  2  3  4  5  6  7  8  9 |
---------------+----------------------------+-----
Stealth        | 8 11 13 17 18 19 20 | 20.0
Short Blades   | 3 5 6 8 10 11 | 11.6
Fighting       | 2 3 4 5 6 |  6.0
Throwing       | 3 5 7 8 9 10 | 10.2
Dodging        | 3 4 5 6 7 |  7.6
Evocations     | 1 3 5 6 |  6.9

Action                   |  1- 3 |  4- 6 |  7- 9 || total
-------------------------+-------+-------+-------++-------
Melee: Dagger            |    27 |       |    19 ||    46
Throw: Dart              |    11 |     4 |     5 ||    20
Evoke: Wand              |       |     7 |     3 ||    10
  Use: Potion            |     1 |       |     2 ||     3
 Stab: Sleeping          |     2 |       |       ||     2
       Invisible         |       |       |     3 ||     3
Armor: Robe              |     6 |       |     1 ||     7
Dodge: Dodged            |    25 |       |     5 ||    30

Table legend: (Time is in decaauts)
 A = Elapsed time spent in this place.
 B = Non-inter-level travel time spent in this place.
 C = Inter-level travel time spent in this place.
 D = Time resting spent in this place.
 E = Time spent auto-exploring this place.
 F = Levels seen in this place.
 G = Mean time per level.
                   A        B        C        D        E       F      G
               +--------+--------+--------+--------+--------+-----+--------+
         Total |    537 |    537 |      0 |    298 |      0 |   1 |  537.0 |
       Dungeon |    537 |    537 |      0 |    298 |      0 |   1 |  537.0 |
               +--------+--------+--------+--------+--------+-----+--------+

Top non-repeatable levels by time:
       D: 537 daAuts
